 Dungeon Crawl Stone Soup version 0.24.0-123-gd5b16e6ec5 (webtiles) character file.

Game seed: 5479953987933137696, levelgen mode: deterministic

107 Essalna the Chopper (level 4, 19/40 HPs)
             Began as a Deep Dwarf Gladiator on Dec 28, 2019.
             Got out of the dungeon alive.
             The game lasted 00:05:02 (1425 turns).

Essalna the Chopper (Deep Dwarf Gladiator)          Turns: 1425, Time: 00:05:03

Health: 19/40      AC: 10    Str: 19    XL:     4   Next: 56%
Magic:  4/4        EV:  9    Int:  8    God:
Gold:   147        SH:  0    Dex: 14    Spells: 3/3 levels left

rFire    . . .     SeeInvis .   a - +0 war axe
rCold    . . .     Gourm    .   (no shield)
rNeg     . . .     Faith    .   l - +0 chain mail
rPois    +         Spirit   .   c - +0 helmet
rElec    .         Reflect  .   n - scarf {cloud immunity}
rCorr    .         Harm     .   (no gloves)
MR       .....                  (no boots)
Stlth    ..........             (no amulet)
HPRegen  0.00/turn              q - ring of poison resistance
MPRegen  0.09/turn              (no ring)

@: non-regenerating
A: damage resistance, heal wounds, sense surroundings 1, no regeneration
a: Heal Wounds


You escaped.
You were not hungry.

You visited 1 branch of the dungeon, and saw 3 of its levels.

You collected 147 gold pieces.

Inventory:

Hand Weapons
 a - a +0 war axe (weapon)
Missiles
 d - 3 throwing nets (quivered)
Armour
 b - a +0 leather armour
 c - a +0 helmet (worn)
 l - a +0 chain mail (worn)
 n - a scarf of cloud immunity (worn)
Jewellery
 q - a ring of poison resistance (left hand)
Wands
 t - a wand of iceblast (10)
Scrolls
 e - 2 scrolls of blinking
 h - a scroll of fog {unknown}
 k - a scroll of identify {unknown}
Potions
 i - a potion of heal wounds {unknown}
 j - a potion of agility {unknown}
 m - a potion of lignification {unknown}
 o - 2 potions of resistance {unknown}
 p - a potion of curing {unknown}
 r - a potion of flight {unknown}
Comestibles
 f - 4 rations
 s - 4 chunks of flesh


   Skills:
 + Level 2.5 Fighting
 + Level 4.0 Axes
 - Level 1.7 Throwing
 * Level 2.7 Armour
 + Level 3.9 Dodging


You had 3 spell levels left.
You didn't know any spells.
Your spell library contained the following spells:

 Spells                   Type           Power        Failure   Level  Hunger
 Corona                   Hex            #......      99%         1    ##.....
 Ensorcelled Hibernation  Hex/Ice        #.....       100%        2    ###....
 Confuse                  Hex            #.......     100%        3    ####...
 Dazzling Spray           Conj/Hex       #.....       100%        3    ####...
 Tukima's Dance           Hex            #.......     100%        3    ####...


Dungeon Overview and Level Annotations

Branches:
Dungeon (3/15)

Altars:


Innate Abilities, Weirdness & Mutations

You are resistant to damage.
You can heal yourself by infusing magical energy.
You passively map a small area around you.
You do not regenerate.


Message History

A bat comes into view.
Save game and exit?
Welcome back, Essalna the Deep Dwarf Gladiator.
Press ? for a list of commands and other information.
The bat hits you but does no damage. The bat hits you but does no damage.
The bat hits you but does no damage. The bat barely misses you.
There is a stone staircase leading up here.
You miss the bat. The bat hits you but does no damage.
You slash the bat!
You kill the bat!
You climb upwards.
There is a stone staircase leading down here.
You see here 10 stones.
There is an open door here.
Your magical contamination has completely faded away.
There is a staircase leading out of the dungeon here.
Are you sure you want to leave the Dungeon?
This will make you lose the game!
You have escaped!

...# #.#####.######.#....## #
...# #.....#.# #.#.....# # ...#
#####.#.######.#.....# # ...#
#.......#......#.....# # #'##
#.......#########..### # #.##
#.......#########.## ...#
##......##.....##[# ...#
#......##.....##.##########
...####......##.@...##...........
.....†.......##.....##.##########
.....†.......##.....##).# ######
........###..######'##..# #.....
#######.# #..######.##..# #...##
# #.# #..#...#...)..# #..... ####
#.# #..#...#......# #.#.#. ...##
#(###..#.8.#.(....####.....
##..###.#....#...'............##.


There were no monsters in sight!

Vanquished Creatures
  3 adders
  An ooze (D:2)
  A worm (D:3)
  2 dart slugs (D:1)
  2 leopard geckos
  2 ball pythons
  7 bats
  6 giant cockroaches
  7 hobgoblins
  7 jackals (D:1)
  A quokka (D:3)
  A frilled lizard (D:1)
  10 goblins
  5 kobolds
  5 rats (D:1)
60 creatures vanquished.

Notes
Turn   | Place    | Note
-------+----------+-------------------------------------------
     0 | D:1      | Essalna the Deep Dwarf Gladiator began the quest for the
                  | Orb.
     0 | D:1      | Reached XP level 1. HP: 19/19 MP: 1/1
    53 | D:1      | Reached skill level 1 in Armour
    54 | D:1      | Reached XP level 2. HP: 24/26 MP: 2/2
   201 | D:1      | Reached XP level 3. HP: 30/32 MP: 3/3
   706 | D:2      | Reached XP level 4. HP: 30/40 MP: 4/4
  1350 | D:3      | Reached skill level 4 in Axes
  1425 | D:$      | Got out of the dungeon alive.

Levels and vault maps discovered:
D:1:      dpeg_arrival_rooms_b, layout_basic
D:2:      layout_basic
D:3:      layout_loops_cross, minivault_23, uniq_jessica

Skill      XL: |  1  2  3  4 |
---------------+-------------+-----
Armour         | 1 2 |  2.7
Fighting       | 2 |  2.5
Axes           | 4 |  4.0
Throwing       | |  1.7
Dodging        | |  3.9

Action                   |  1- 3 |  4- 6 || total
-------------------------+-------+-------++-------
Melee: War axe           |   112 |    60 ||   172
  Use: Scroll            |       |     2 ||     2
  Eat: Chunk             |       |     2 ||     2
Armor: Leather armour    |    14 |       ||    14
       Chain mail        |    50 |    43 ||    93
Dodge: Dodged            |    81 |    31 ||   112
